[Event "Live Chess"]
[Site "Chess.com"]
[Date "2023.05.20"]
[Round "-"]
[White "CocheseUK"]
[Black "HoarseyHorsey"]
[Result "0-1"]
[WhiteElo "1170"]
[BlackElo "1393"]
[TimeControl "300"]
[EndTime "9:20:03 PDT"]
[Termination "HoarseyHorsey won by resignation"]

1. e4 c5 2. Nf3 e6 3. Bc4 d5 4. exd5 exd5 5. Be2 Nf6 6. O-O Bd6 7. d4 O-O 8. dxc5 Bxc5 9. Nc3 Nc6 10. a3 Re8 11. b4 Bb6 12. Be3 d4 13. Bxd4 Nxd4 14. Nxd4 Bxd4 15. Qe1 Bxc3 16. Qxc3 Rxe2 17. Rae1 Qe7 18.
Rxe2 Qxe2 19. Re1 Qb5 20. Qf3 Be6 21. Qe3 a6 22. Qc5 Qxc5 23. bxc5 Rc8 24. Re5 Nd7 25. Rg5 Rxc5 26. Rxc5 Nxc5 27. c3 Bc4 28. f3 Na4 29. Kf2 Nxc3 30. Ke3 Nb5 31. g4 Kf8 32. h4 Ke7 0-1

[Event "Live Chess"]
[Site "Chess.com"]
[Date "2023.05.20"]
[Round "-"]
[White "Inaffectual"]
[Black "Greenbecker"]
[Result "0-1"]
[WhiteElo "561"]
[BlackElo "1697"]
[TimeControl "300"]
[EndTime "9:20:04 PDT"]
[Termination "Greenbecker won by checkmate"]

1. e4 e6 2. Nc3 d5 3. f4 Nf6 4. e5 Nfd7 5. Bb5 a6 6. Ba4 b5 7. Bb3 c5 8. d3 Bb7 9. f5 Nxe5 10.
fxe6 fxe6 11. Qh5+ Ng6 12. Bg5 Be7 13. O-O-O Bxg5+ 14. Kb1 Bf6 15. Re1 Qd7 16. Nf3 O-O 17. Rhf1 c4 18.
dxc4 dxc4 19. Rd1 Qe7 20. Ng5 Bxg5 21. Rxf8+ Nxf8 22. Ne4 Bxe4 23. Bxc4 bxc4 24. Re1 Bg6 25. Qe2 Nbd7 26. Qf3 Rb8 27. a3 Bf6 28. Qc6 Rxb2+ 29. Kc1 Rxc2+ 30. Kb1 Qxa3 31. Rxe6 Qb2# 0-1

[Event "Live Chess"]
[Site "Chess.com"]
[Date "2023.05.20"]
[Round "-"]
[White "MaximKhimchenko"]
[Black "VIDYUTGANESH"]
[Result "1-0"]
[WhiteElo "1378"]
[BlackElo "1659"]
[TimeControl "300"]
[EndTime "9:20:18 PDT"]
[Termination "MaximKhimchenko won by resignation"]

1. e4 e6 2. Nf3 Ne7 3. d4 g6 4. d5 Bg7 5. d6 cxd6 6. Qxd6 O-O 7. Bg5 f6 8. Bd2 Nbc6 9. Nc3 f5 10. O-O-O fxe4 11. Nxe4 Nf5 12. Qa3 d5 13. Nc5 b6 14. Nb3 a5 15. Bb5 Ne5 16. Nxe5 Bxe5 17. f4 Bd6 18. Qa4 Ba6 19. Bxa6 Rxa6 20. Nd4 Nxd4 21. Qxd4 Ra7 22. Bc3 Kf7 23. Qg7+ 1-0

[Event "Live Chess"]
[Site "Chess.com"]
[Date "2023.05.20"]
[Round "-"]
[White "TDCMF"]
[Black "AwesomeFredster"]
[Result "0-1"]
[WhiteElo "340"]
[BlackElo "1638"]
[TimeControl "300"]
[EndTime "9:20:21 PDT"]
[Termination "AwesomeFredster won by checkmate"]

1. e4 e5 2. Nf3 Nc6 3. Bc4 Nd4 4.
Nxd4 exd4 5. d3 Bb4+ 6. c3 dxc3 7. bxc3 Ba5 8. Bf4 Qf6 9. Qf3 Bxc3+ 10. Nxc3 Qxc3+ 11. Kd1 Qxa1+ 12. Ke2 Qxh1 13. Ke3 Qe1+ 14. Qe2 Qxe2+ 15. Kxe2 Nf6 16. e5 Nh5 17. Bg5 g6 18. g4 Ng7 19. Bf6 O-O 20. f4 Re8 21. d4 d6 22. Bd5 c6 23. Bxf7+ Kxf7 24. g5 Bg4+ 25. Ke3 Nf5+ 26. Ke4 d5+ 27. Kd3 h5 28. h3 Bxh3 29. e6+ Kxe6 30. Ke2 Bg2 31. Kf2 Be4 32. a4 h4 33. Kg1 Rec8 34. Kh2 Rc7 35. Kh3 Rh7 36. a5 a6 37. Be5 Rc8 38. Kg4 h3 39. Bg7 h2 40. Bh6 h1=Q 41. Bf8 Qg2# 0-1

[Event "Live Chess"]
[Site "Chess.com"]
[Date "2023.05.20"]
[Round "-"]
[White "Andysav3"]
[Black "Nazarenko_vital"]
[Result "1/2-1/2"]
[WhiteElo "1688"]
[BlackElo "1566"]
[TimeControl "300"]
[EndTime "9:20:23 PDT"]
[Termination "Game drawn by agreement"]

1. e4 d5 2. exd5 Qxd5 3. Nc3 Qa5 4. d4 Nf6 5. Nf3 Bg4 6. h3 Bh5 7. g4 Bg6 8. Ne5 c6 9. h4 Be4 10. Rg1 Nd5 11. Bd2 Nxc3 12. Bxc3 Qc7 13. Bc4 Bd5 14. Bd3 Nd7 15. Qe2 O-O-O 16. O-O-O Nxe5 17. dxe5 e6 18. b3 Ba3+ 19. Bb2 Bxb2+ 20. Kxb2 c5 21. f4 h6 22. Be4 Bxe4 23. Qxe4 Rxd1 24. Rxd1 Rd8 25. Qe2 Rxd1 26. Qxd1 g6 27. Qd3 a6 28. h5 gxh5 29. gxh5 Qc6 30. Qh7 Qd5 31. Qg8+ Qd8 32. Qg1 Qd5 33. Qe3 b5 34. a3 Kc7 1/2-1/2

[Event "Live Chess"]
[Site "Chess.com"]
[Date "2023.05.20"]
[Round "-"]
[White "miguelchuk"]
[Black "CheckString"]
[Result "1-0"]
[WhiteElo "1650"]
[BlackElo "1352"]
[TimeControl "300"]
[EndTime "9:20:27 PDT"]
[Termination "miguelchuk won by resignation"]

1. Nf3 c6 2. c4 d5 3. Nc3 d4 4.
Ne4 Bf5 5. Ng3 Bg4 6. Ne5 Be6 7. e3 Qc7 8. exd4 Nd7 9. Nxd7 Qxd7 10. d5 cxd5 11.
c5 Rc8 12. a4 a6 13. b4 g6 14.
b5 a5 15. c6 bxc6 16. bxc6 Qa7 17. Bb5 Bg7 18. Ba3 Bxa1 19. Qxa1 Rc7 20. O-O Nf6 21.
Kh1 O-O 22. h4 Ne4 23. h5 Nxg3+ 24. fxg3 f5 25. g4 d4 26. Bb2 Rd8 27. Rf4 fxg4 28. Bxd4 Qb8 29. Bh8 1-0

[Event "Live Chess"]
[Site "Chess.com"]
[Date "2023.05.20"]
[Round "-"]
[White "Misha145Chess"]
[Black "omisoc"]
[Result "0-1"]
[WhiteElo "570"]
[BlackElo "2087"]
[TimeControl "300"]
[EndTime "9:20:29 PDT"]
[Termination "omisoc won by checkmate"]

1. d4 d5 2. c4 c6 3. Nc3 dxc4 4. e4 e5 5. dxe5 Qxd1+ 6. Nxd1 b5 7. Nf3 Bb4+ 8. Bd2 Bxd2+ 9. Nxd2 Nd7 10. Nf3 Nc5 11.
Nc3 Bg4 12. O-O-O Ne7 13. h3 Bxf3 14. gxf3 Ng6 15. Be2 Nxe5 16. Rhg1 O-O 17. f4 Ned3+ 18. Bxd3 Nxd3+ 19. Kd2 Nxf4 20. Rg3 Rad8+ 21. Ke3 Nd3 22. Ke2 Rfe8 23. b4 Nxb4 24. Rxd8 Rxd8 25. a3 Nd3 26. a4 b4 27. Na2 b3 28. Nc3 Nc1+ 29. Ke1 Rd3 30.
Rxd3 Nxd3+ 31. Kd2 Kf8 32. Ke3 Ke7 33. f4 c5 34. e5 f6 35. exf6+ gxf6 36. Ne4 b2 37.
Nc3 f5 38. h4 h5 39. Kd2 Ke6 40. Kc2 Nxf4 41. Kxb2 a5 42. Nb5 Nd5 43. Ka3 f4 44. Kb2 f3 45. Kc1 f2 46. Kd2 f1=Q 47. Kc2 Qd3+ 48. Kb2 c3+ 49. Kb3 c2+ 50. Kb2 Qd1 51. Nc3 c1=Q+ 52. Ka2 Nxc3# 0-1

[Event "Live Chess"]
[Site "Chess.com"]
[Date "2023.05.20"]
[Round "-"]
[White "dhanushkasri"]
[Black "lightningorderyt"]
[Result "0-1"]
[WhiteElo "471"]
[BlackElo "509"]
[TimeControl "300"]
[EndTime "9:20:30 PDT"]
[Termination "lightningorderyt won by checkmate"]

1. e4 c6 2. Bc4 d5 3. exd5 cxd5 4.
Bb3 Nf6 5. Nf3 Bg4 6. O-O e5 7.
h3 Bxf3 8. gxf3 Nc6 9. c4 d4 10. c5 Bxc5 11. Qc2 O-O 12. Qxc5 e4 13. fxe4 Nxe4 14. Qc2 Qg5+ 15. Kh1 Rfe8 16. Rg1 Nxf2+ 17. Kh2 Qf4+ 18. Kg2 Re2 19. Qd1 Nxd1+ 20. Kh1 Qh2# 0-1

[Event "Live Chess"]
[Site "Chess.com"]
[Date "2023.05.20"]
[Round "-"]
[White "LaupMiths"]
[Black "Prijmak"]
[Result "1-0"]
[WhiteElo "1805"]
[BlackElo "1018"]
[TimeControl "300"]
[EndTime "9:20:32 PDT"]
[Termination "LaupMiths won by resignation"]

1. c4 c5 2. Nf3 Nc6 3. d4 cxd4 4. Nxd4 Nxd4 5. Qxd4 Qc7 6. e4 e6 7.
Nc3 Nf6 8. Bd3 Bc5 9. Nb5 Qc6 10.
Qe5 d6 11. Qf4 a6 12. Nc3 Bb4 13. Bd2 O-O 14. O-O b6 15. Rac1 Bb7 16. Rfe1 e5 17.
Qf3 Bc8 18. h3 h6 19. a3 Bc5 20. b4 Bd4 21. Nd5 Nxd5 22. cxd5 Qd7 23. Qe2 b5 24. Kh1 Bb7 25. Qf3 Rac8 26. Qg3 Kh7 27. f4 Rxc1 28.
Bxc1 f6 29. f5 Qf7 30. Be2 Bc3 31. Rf1 Bd4 32. Qh4 Rg8 33. Bh5 Qe7 34. Bg6+ Kh8 35. Bxh6 gxh6 36. Qxh6+ 1-0

[Event "Live Chess"]
[Site "Chess.com"]
[Date "2023.05.20"]
[Round "-"]
[White "Ferrarifan27"]
[Black "lucaskk818"]
[Result "0-1"]
[WhiteElo "2141"]
[BlackElo "1880"]
[TimeControl "300"]
[EndTime "9:20:34 PDT"]
[Termination "lucaskk818 won by checkmate"]

1. e4 e6 2. d4 d5 3. Nc3 Bb4 4. e5 c5 5. a3 Bxc3+ 6. bxc3 Ne7 7. Qg4 Qc7 8. Qxg7 Rg8 9. Qxh7 cxd4 10. Qd3 Qxe5+ 11. Be2 dxc3 12. Nf3 Qg7 13. Bf4 Nbc6 14. O-O-O e5 15. Nxe5 Nxe5 16. Qxc3 N5c6 17. Qe3 Qa1+ 18. Kd2 Qd4+ 19. Qxd4 Nxd4 20. g3 Nxe2 21. Kxe2 Be6 22. Rb1 b6 23. h4 Rc8 24. Kd2 Bf5 25. Rbc1 Ng6 26. Be3 Ne5 27. a4 Nf3+ 28. Ke2 Bg4 29. Kf1 d4 30. Bf4 d3 31. cxd3 Rxc1+ 32. Bxc1 Ke7 33.
Kg2 Rd8 34. Be3 Rxd3 35. h5 Ne5 36. Rh4 Bf3+ 37. Kh2 Rd1 38. g4 Rh1+ 39. Kg3 Rxh4 40. Kxh4 Bxg4 41. Bf4 Bxh5 42. Bxe5 Bg6 43. Bb8 a6 44.
Ba7 b5 45. axb5 axb5 46. Bc5+ Ke6 47. Kg5 Kd5 48. Bf8 Ke5 49. f4+ Ke6 50. Bb4 Bf5 51.
Bc3 Bd3 52. Bd2 f5 53. Bb4 Be4 54. Kg6 Kd5 55. Bd2 Kc4 56. Be1 b4 57. Bxb4 Kxb4 58. Kf6 Kc4 59. Ke5 Kd3 60. Ke6 Ke3 61. Kf6 Kf3 62. Ke6 Kxf4 63. Kd6 Kg4 64. Ke7 f4 65.
Kf7 f3 66. Kg7 f2 67. Kh6 f1=Q 68. Kg7 Qf5 69. Kg8 Qg6+ 70. Kh8 Qh7# 0-1

[Event "Live Chess"]
[Site "Chess.com"]
[Date "2023.05.20"]
[Round "-"]
[White "SaraTang"]
[Black "KuriyamaMiraiUA"]
[Result "0-1"]
[WhiteElo "168"]
[BlackElo "586"]
[TimeControl "300"]
[EndTime "9:20:35 PDT"]
[Termination "KuriyamaMiraiUA won by checkmate"]

1. e4 c6 2. Bc4 d5 3. exd5 cxd5 4.
Bb3 Nf6 5. Qf3 Bg4 6. Qd3 e5 7. Bxd5 Nxd5 8. Qg3 Qg5 9. f3 h5 10. fxg4 hxg4 11. h3 Bd6 12. hxg4 Rxh1 13. Kf1 Qf6+ 14.
Ke2 Rxg1 15. d4 Nf4+ 16. Kf2 Nh5+ 17. Qf3 Rf1+ 18. Kxf1 Qxf3+ 19. Ke1 Qxg2 20. Bg5 Qxg4 21. Be7 Ng3 22. Bxd6 Qe2# 0-1

[Event "Live Chess"]
[Site "Chess.com"]
[Date "2023.05.20"]
[Round "-"]
[White "ReeceHockton"]
[Black "f4nomore"]
[Result "0-1"]
[WhiteElo "328"]
[BlackElo "1351"]
[TimeControl "300"]
[EndTime "9:20:35 PDT"]
[Termination "f4nomore won by resignation"]

1. d4 g6 2. e4 Bg7 3. Nf3 d6 4. Nc3 Nf6 5. b3 O-O 6. Bb2 a6 7. Qd2 b5 8. O-O-O Ng4 9. a4 Bh6 10. Qxh6 Nxh6 11. d5 Ng4 12. Be2 Nxf2 13. Bf1 Nxh1 0-1

[Event "Live Chess"]
[Site "Chess.com"]
[Date "2023.05.20"]
[Round "-"]
[White "zdanevych"]
[Black "M00nDr4g0n"]
[Result "1-0"]
[WhiteElo "1490"]
[BlackElo "872"]
[TimeControl "300"]
[EndTime "9:20:37 PDT"]
[Termination "zdanevych won by resignation"]

1. d4 d5 2. c4 e5 3. dxe5 dxc4 4.
Qxd8+ Kxd8 5. e4 Nc6 6. Nf3 Bb4+ 7. Nc3 Bxc3+ 8. bxc3 Nge7 9. Bxc4 b6 10. Bxf7 Bb7 11.
Bd5 Nxd5 12. exd5 Ne7 13. c4 Nf5 14. Bg5+ Kd7 15. e6+ Kd6 16. Bf4+ Ke7 17. Bxc7 Rac8 18. Be5 Rxc4 19. O-O Bxd5 20. Rfd1 Bxf3 21. gxf3 Kxe6 22.
f4 h6 23. Rd2 Rg8 24. Rad1 Rcc8 25. Rd7 g5 26. Kf1 gxf4 27. Bxf4 Rgd8 28. Rxd8 Rxd8 29. Rxd8 a5 30. Bc7 Ng7 31. Bxb6 Kf5 32. Bxa5 1-0

[Event "Live Chess"]
[Site "Chess.com"]
[Date "2023.05.20"]
[Round "-"]
[White "BearFromUkraine"]
[Black "risinghelios"]
[Result "0-1"]
[WhiteElo "1188"]
[BlackElo "1954"]
[TimeControl "300"]
[EndTime "9:20:48 PDT"]
[Termination "risinghelios won by resignation"]

1. e4 c5 2. Nf3 Nc6 3. d4 cxd4 4. Nxd4 g6 5. Nxc6 bxc6 6. Nc3 Bg7 7. Bd3 Nf6 8. O-O O-O 9. Be3 Bb7 10. Qd2 d5 11.
exd5 cxd5 12. Bg5 h6 13. Bxf6 exf6 14. Rfe1 d4 15. Ne4 f5 16. Nc5 Qd5 17. Nxb7 Qxb7 18.
a3 Qxb2 19. Qe2 Rfe8 20. Qxe8+ Rxe8 21. Rxe8+ Kh7 22. Ree1 Bf8 23. c4 dxc3 24. Rec1 Bxa3 0-1

[Event "Live Chess"]
[Site "Chess.com"]
[Date "2023.05.20"]
[Round "-"]
[White "ethanredball"]
[Black "daveeeeR"]
[Result "0-1"]
[WhiteElo "544"]
[BlackElo "1255"]
[TimeControl "300"]
[EndTime "9:20:49 PDT"]
[Termination "daveeeeR won by checkmate"]

1. d4 c5 2. dxc5 Nc6 3. Nc3 e5 4.
e4 Bxc5 5. Nf3 d6 6. Bc4 Bg4 7. h3 Bh5 8. Be3 Bxe3 9. fxe3 Nf6 10. Bd5 O-O 11. Bxc6 bxc6 12. Qe2 Qb6 13. O-O-O a5 14. g4 Bg6 15. g5 Nxe4 16. Nxe4 Bxe4 17. h4 Rab8 18.
b3 a4 19. h5 axb3 20. axb3 Ra8 21. g6 h6 22. gxf7+ Rxf7 23. Rh4 Bxf3 24. Qf1 Bxd1 25.
Qxd1 Ra1+ 26. Kd2 Rxd1+ 27. Kxd1 Qxe3 28. Ra4 Rf1# 0-1

[Event "Live Chess"]
[Site "Chess.com"]
[Date "2023.05.20"]
[Round "-"]
[White "jennybobby44"]
[Black "ConorMaclaud"]
[Result "1-0"]
[WhiteElo "1853"]
[BlackElo "2125"]
[TimeControl "300"]
[EndTime "9:20:54 PDT"]
[Termination "jennybobby44 won by checkmate"]

1. e4 c6 2. c4 d5 3. exd5 cxd5 4. cxd5 Nf6 5. Nc3 Nxd5 6. d4 Nc6 7. Bc4 e6 8. Nf3 Be7 9. O-O O-O 10. a3 a6 11.
Nxd5 exd5 12. Bd3 Bg4 13. h3 Bxf3 14. Qxf3 Nxd4 15. Qh5 g6 16. Qg4 Nb3 17. Rb1 Nxc1 18. Rbxc1 Bf6 19. b4 Bb2 20. Rc2 Bg7 21. Rfc1 d4 22.
h4 Bh6 23. Rd1 Rc8 24. Rxc8 Qxc8 25. Qxd4 Bg7 26. Qc4 Bb2 27. a4 Rd8 28. Qxc8 Rxc8 29. Be4 Rc7 30. Rd8+ Kg7 31. Rb8 Ba3 32. Rxb7 Rc4 33.
Bd5 Rxb4 34. Rxf7+ Kh6 35. g3 Rxa4 36. Rb7 a5 37.
Bg8 Kh5 38. Rxh7+ Kg4 39. Kg2 Kf5 40. Rf7+ Ke5 41. Re7+ Kf6 42. Ra7 Bb4 43. Bh7 Ra2 44. Ra6+ Kg7 45. Bxg6 Bc5 46. Be4 Rxf2+ 47. Kh3 Bb4 48.
h5 Rf6 49. Rxf6 Kxf6 50. Kg4 Kg7 51. Kf5 a4 52. Bd5 a3 53. g4 Bc3 54. g5 Bb2 55. h6+ Kh8 56. Kg6 Ba1 57. Kf7 Bb2 58.
g6 Be5 59. g7+ Bxg7 60. hxg7+ Kh7 61. g8=Q+ Kh6 62. Qg6# 1-0

[Event "Live Chess"]
[Site "Chess.com"]
[Date "2023.05.20"]
[Round "-"]
[White "Rusty_Bridges"]
[Black "gmnorfolk"]
[Result "0-1"]
[WhiteElo "1420"]
[BlackElo "2068"]
[TimeControl "300"]
[EndTime "9:20:54 PDT"]
[Termination "gmnorfolk won on time"]

1. e4 e5 2. f4 Nc6 3. Nf3 Nb8 4. Bc4 d5 5. exd5 exf4 6. O-O Nf6 7. Re1+ Be7 8. d3 O-O 9. Bxf4 Bg4 10. Nbd2 Nbd7 11. Qe2 Re8 12. Qf2 Nb6 13. Bb3 Nbxd5 14. Bxd5 Nxd5 15. Bxc7 Qxc7 16. Ne5 Be6 17. Ne4 h6 18.
Ng3 Bf6 19. d4 Rac8 20. c3 b5 21. Ne4 Bxe5 22. dxe5 Qxe5 23. Rad1 Qf4 24. Qxa7 Ne3 25. Rd4 Nf5 26. Rd3 Qc7 27. Qf2 Rcd8 28. Rf3 Nd6 29. Ng3 Bg4 30. Rfe3 Rxe3 31. Rxe3 Re8 32. Rd3 Be6 33.
Nh5 Bf5 34. Rd1 Ne4 35. Qd4 Qe5 36. Qa7 Bg6 37. Ng3 Nxg3 38. hxg3 Qxg3 39. Qc5 Re2 40. Qd5 Be4 41. Qd8+ Kh7 0-1

[Event "Live Chess"]
[Site "Chess.com"]
[Date "2023.05.20"]
[Round "-"]
[White "KirbyHasARevenge"]
[Black "Singapourfeuj"]
[Result "0-1"]
[WhiteElo "1744"]
[BlackElo "2318"]
[TimeControl "300"]
[EndTime "9:20:56 PDT"]
[Termination "Singapourfeuj won on time"]

1. e4 e6 2. c4 d5 3. cxd5 exd5 4.
exd5 Nf6 5. d4 Bd6 6. Nc3 O-O 7. Nf3 Re8+ 8. Be2 Bg4 9. O-O Nbd7 10. Bg5 h6 11.
Bh4 Nf8 12. h3 Bf5 13. Ne5 Bxe5 14. dxe5 Rxe5 15. Bg3 Re8 16. Bf3 Ng6 17. Re1 Qd7 18. Qd2 Rxe1+ 19. Rxe1 Re8 20. Rxe8+ Nxe8 21. Ne2 Nd6 22.
Nd4 Ne4 23. Bxe4 Bxe4 24. d6 cxd6 25. a3 d5 26. f3 Bf5 27. Kf2 Be6 28. Qd3 Ne7 29.
Nb5 a6 30. Nc3 Nc6 31. Ke2 d4 32. Ne4 Bf5 33. Bf4 Qd5 34. g4 Bxe4 35. fxe4 Qe6 36. Kf3 b5 37. h4 Qc4 38. Ke2 h5 39. g5 g6 40. e5 Qd5 41. b3 Nxe5 42. Bxe5 Qxe5+ 43. Kd2 Qh2+ 44. Qe2 Qxe2+ 45. Kxe2 f6 46. Kd3 fxg5 47. hxg5 Kf7 48. Kxd4 Ke6 49. a4 bxa4 50.
bxa4 a5 51. Ke4 Kd6 52. Kf4 Kc5 53. Ke5 h4 54. Kf6 h3 55. Kxg6 h2 56. Kf7 h1=Q 57. g6 Qf3+ 58. Ke8 Qe4+ 59. Kf7 Qf5+ 60. Kg7 Kb4 61.
Kh7 Kxa4 62. Kg7 Kb4 63. Kh6 Qxg6+ 64. Kxg6 a4 65. Kf6 a3 66. Kf5 a2 67. Ke5 a1=Q+ 68.
Ke4 Qd1 69. Ke3 Kc4 70. Kf4 Qe2 71. Kg3 Qf1 72. Kh4 Qg2 73. Kh5 Kd5 74. Kh6 Ke5 75. Kh7 Kf6 0-1

[Event "Live Chess"]
[Site "Chess.com"]
[Date "2023.05.20"]
[Round "-"]
[White "CroasArRheun"]
[Black "JoshMcK"]
[Result "1-0"]
[WhiteElo "1842"]
[BlackElo "1543"]
[TimeControl "300"]
[EndTime "9:21:01 PDT"]
[Termination "CroasArRheun won by resignation"]

1. d4 d5 2. c4 e6 3. Nc3 Nf6 4. cxd5 exd5 5. Bg5 c6 6. e3 h6 7. Bh4 Be7 8. Bd3 O-O 9. Nge2 Ne4 10. Bxe7 Qxe7 11. Bxe4 dxe4 12. Ng3 f5 13. O-O Nd7 14. Qb3+ Qf7 15. d5 cxd5 16. Nxd5 Ne5 17. Ne7+ Kh8 18. Qxf7 Nxf7 19. Nexf5 Ng5 20. Ne7 Be6 21. Ng6+ Kh7 22. Nxf8+ Rxf8 23. Rac1 Bxa2 24. Ra1 Bc4 25. Rfc1 Ba6 26.
b4 Ne6 27. b5 Bxb5 28. Rxa7 Ba6 29. Nxe4 Rd8 30. h3 Ng5 31. Nxg5+ hxg5 32. Rc5 Kh6 33.
Rc7 g6 34. Kh2 Rf8 35. Kg3 g4 36. hxg4 Kg5 37. f4+ Kh6 38. g5+ 1-0

[Event "Live Chess"]
[Site "Chess.com"]
[Date "2023.05.20"]
[Round "-"]
[White "TKDRyan"]
[Black "boilerboy1"]
[Result "0-1"]
[WhiteElo "1153"]
[BlackElo "1064"]
[TimeControl "300"]
[EndTime "9:21:05 PDT"]
[Termination "boilerboy1 won by checkmate"]

1. e4 e5 2. Nf3 d6 3. d4 exd4 4. Nxd4 Nf6 5. Nc3 Be7 6. Bd3 c6 7. Nf3 Bg4 8. O-O O-O 9. h3 Bh5 10. Be3 Nbd7 11. Be2 b5 12. a3 a5 13. b4 axb4 14.
axb4 Rxa1 15. Qxa1 Nb6 16. Qa6 d5 17. Bxb6 Qa8 18.
Qxa8 Rxa8 19. exd5 Bxb4 20. Nb1 Nxd5 21. Be3 Nxe3 22. fxe3 Bc5 23. Nd4 Bxe2 24. Re1 Bc4 25. c3 h6 26. Nd2 Bd5 27. N2f3 Ra3 28. e4 Bc4 29. Ne5 Rxc3 30. Nxc4 Bxd4+ 31. Kh1 Rxc4 32. e5 b4 33. e6 fxe6 34. Rxe6 Rc1+ 35. Kh2 c5 36. g4 b3 37. h4 b2 38. g5 Rc2+ 39.
Kg3 hxg5 40. hxg5 b1=Q 41. g6 Qg1+ 42. Kf3 Rc3+ 43. Kf4 Be3+ 44. Ke4 Qg4+ 45. Kd5 Qxe6+ 46. Kxe6 c4 47. Kd5 Rc1 48. Ke4 Bg5 49. Kf3 c3 50.
Ke2 c2 51. Kd3 Bf6 52. Kd2 Rg1 53. Kxc2 Rxg6 54. Kd3 Rg5 55. Ke4 Kf7 56. Kf4 Ke6 57.
Kf3 g6 58. Kf4 Kd5 59. Kf3 Kd4 60. Kf4 Rg1 61. Kf3 g5 62. Kf2 Ra1 63. Kg3 Be5+ 64.
Kg4 Bf4 65. Kf3 Kd3 66. Kg4 Kd2 67. Kf3 Ra3+ 68. Kf2 g4 69. Kg2 Rg3+ 70. Kf2 Rh3 71. Kg2 Rg3+ 72. Kf2 Rf3+ 73. Kg2 Ke3 74. Kg1 Ke2 75.
Kg2 Rg3+ 76. Kh2 Rh3+ 77. Kg2 Bb8 78. Kg1 g3 79. Kg2 Rh2+ 80. Kg1 Kf3 81. Kf1 g2+ 82. Kg1 Rh1# 0-1

[Event "Live Chess"]
[Site "Chess.com"]
[Date "2023.05.20"]
[Round "-"]
[White "Balu13"]
[Black "Hacker_2009"]
[Result "0-1"]
[WhiteElo "832"]
[BlackElo "1928"]
[TimeControl "300"]
[EndTime "9:21:07 PDT"]
[Termination "Hacker_2009 won by resignation"]

1. e4 c5 2. Nf3 d6 3. d4 cxd4 4. Nxd4 Nf6 5. Nc3 a6 6. Bf4 e5 7. Nf5 exf4 8. Nxd6+ Qxd6 9. Qf3 Nc6 10. Rd1 Qc7 11. Bc4 Bg4 12. Nd5 Qa5+ 13. b4 Bxb4+ 0-1

[Event "Live Chess"]
[Site "Chess.com"]
[Date "2023.05.20"]
[Round "-"]
[White "Bot_Boy"]
[Black "MarkLim1"]
[Result "0-1"]
[WhiteElo "333"]
[BlackElo "1626"]
[TimeControl "300"]
[EndTime "9:21:08 PDT"]
[Termination "MarkLim1 won on time"]

1. Nf3 Nf6 2. e3 d5 3. d4 c5 4. Bb5+ Bd7 5. Bxd7+ Qxd7 6. Ne5 Qc7 7. Nf3 cxd4 8. Nxd4 e5 9. Ne2 Bd6 10. O-O Nbd7 11. c3 O-O 12. f3 Rad8 13. Nd2 Rfe8 14. Rf2 Qb6 15. Nf1 e4 16. f4 Ng4 17. b3 Nxf2 18.
Kxf2 Nf6 19. h3 a5 20. Kg1 Nh5 21. Qe1 Nxf4 22. a4 Nd3 23. Qh4 Qxb3 24. Nd4 Qxc3 25. Bd2 Qc7 26. Nf5 Re6 27. g3 Rg6 28. g4 Ne5 29.
Nxd6 Nf3+ 30. Kf2 Nxh4 0-1

[Event "Live Chess"]
[Site "Chess.com"]
[Date "2023.05.20"]
[Round "-"]
[White "SirEntrails"]
[Black "vinni3012"]
[Result "0-1"]
[WhiteElo "504"]
[BlackElo "1868"]
[TimeControl "300"]
[EndTime "9:21:10 PDT"]
[Termination "vinni3012 won by resignation"]

1. e4 c6 2. Nf3 d5 3. Nc3 dxe4 4. Nxe4 Nf6 5. Nxf6+ exf6 6. Bc4 Bd6 7. d3 O-O 8. O-O Bg4 9. Re1 Nd7 10. h3 Bxf3 11. Qxf3 Ne5 12. Qh5 Nxc4 13. dxc4 Qc7 14. g3 Rfe8 15.
Rxe8+ Rxe8 16. Bd2 Bxg3 17. fxg3 Qxg3+ 18. Kf1 Qh2 19.
Bf4 Qh1+ 20. Kf2 Qxa1 21. Qg4 Qe1+ 22. Kg2 Qe2+ 23. Kg3 Qxg4+ 24. hxg4 Re2 25. g5 fxg5 26.
Bxg5 Rxc2 27. Kf4 Rxb2 28. Ke5 Rxa2 29. Kd6 Rc2 30. Ke7 Rxc4 31. Kd7 a5 32. Kc7 a4 33. Kxb7 a3 34. Bf6 gxf6 35. Kc7 a2 0-1

[Event "Live Chess"]
[Site "Chess.com"]
[Date "2023.05.20"]
[Round "-"]
[White "akp42"]
[Black "OSmith06"]
[Result "0-1"]
[WhiteElo "1968"]
[BlackElo "1746"]
[TimeControl "300"]
[EndTime "9:21:12 PDT"]
[Termination "OSmith06 won by resignation"]

1. e4 c6 2. d4 d5 3. exd5 cxd5 4. Bd3 Nc6 5. c3 e5 6. dxe5 Nxe5 7. Qe2 Qe7 8. Bb5+ Bd7 9. Bf4 Bxb5 10. Qxb5+ Nc6+ 11. Ne2 Nf6 12. O-O a6 13. Qd3 g6 14. Nd2 Bg7 15.
Rfe1 O-O 16. Nd4 Qd7 17. N2f3 Ne4 18. Rad1 Nxd4 19. Nxd4 Rfe8 20. f3 Nc5 21. Qd2 Rxe1+ 22. Rxe1 Re8 23. Rxe8+ Qxe8 24. Qe3 Qxe3+ 25. Bxe3 Nd3 26.
b3 Bxd4 27. Bxd4 Nc1 28. Kf2 Nxa2 29. Ke2 Nc1+ 30. Kd2 Nxb3+ 31. Kc2 Nxd4+ 32. cxd4 b5 33. Kb3 a5 0-1

[Event "Live Chess"]
[Site "Chess.com"]
[Date "2023.05.20"]
[Round "-"]
[White "amazinggoalkeeper"]
[Black "Goblinbasher"]
[Result "0-1"]
[WhiteElo "499"]
[BlackElo "1204"]
[TimeControl "300"]
[EndTime "9:21:15 PDT"]
[Termination "Goblinbasher won by checkmate"]

1. e4 c5 2. Bc4 e6 3. e5 Nc6 4.
Nc3 Nxe5 5. Bb3 a6 6. Nf3 Qc7 7.
Qe2 Nxf3+ 8. Qxf3 Nf6 9. Ne4 Be7 10. d3 O-O 11. Nxf6+ Bxf6 12. O-O d5 13. g3 b5 14. c3 Bb7 15. Bc2 Rad8 16. Qg2 d4 17. Qh3 dxc3 18.
bxc3 Bxc3 19. Rb1 g6 20. d4 Bxd4 21. Be3 Qc6 22. Bxd4 Qh1# 0-1

[Event "Live Chess"]
[Site "Chess.com"]
[Date "2023.05.20"]
[Round "-"]
[White "HonestJoe1"]
[Black "Olisingapore"]
[Result "1-0"]
[WhiteElo "2122"]
[BlackElo "1950"]
[TimeControl "300"]
[EndTime "9:21:18 PDT"]
[Termination "HonestJoe1 won by resignation"]

1. d4 Nf6 2. c4 e6 3. g3 d5 4. Bg2 Be7 5. Nf3 O-O 6. O-O dxc4 7. Ne5 b5 8. Bxa8 Nbd7 9. Nc6 Qe8 10. Nxe7+ Qxe7 11. Bg2 Nb6 12. Bg5 h6 13. Bxf6 Qxf6 14.
Nc3 Rd8 15. Nxb5 1-0

[Event "Live Chess"]
[Site "Chess.com"]
[Date "2023.05.20"]
[Round "-"]
[White "Krishtwist2013gmailc"]
[Black "defenderalist"]
[Result "0-1"]
[WhiteElo "724"]
[BlackElo "1595"]
[TimeControl "300"]
[EndTime "9:21:18 PDT"]
[Termination "defenderalist won by checkmate"]

1. e4 c5 2. d4 cxd4 3. Qxd4 Nc6 4. Qd1 e6 5. Nc3 Bb4 6. Bd3 Nf6 7. Bd2 O-O 8. f3 d5 9. a3 Ba5 10. b4 Bb6 11. exd5 Nxd5 12. Nxd5 Qxd5 13. Ne2 Nd4 14. Nxd4 Qxd4 15. c3 Qf2# 0-1

[Event "Live Chess"]
[Site "Chess.com"]
[Date "2023.05.20"]
[Round "-"]
[White "DorothyDawn"]
[Black "white59867"]
[Result "1-0"]
[WhiteElo "459"]
[BlackElo "100"]
[TimeControl "300"]
[EndTime "9:21:22 PDT"]
[Termination "DorothyDawn won by resignation"]

1. e4 d5 2. d3 h5 3. Nf3 Bg4 4. Be2 dxe4 5. dxe4 Qxd1+ 6. Kxd1 Nc6 7. Bf4 Rd8+ 8.
Nbd2 g6 9. Bxc7 Bg7 10. Bxd8 Nxd8 11. h3 Nf6 12. hxg4 hxg4 13. Rxh8+ Kd7 14. Rh1 1-0

[Event "Live Chess"]
[Site "Chess.com"]
[Date "2023.05.20"]
[Round "-"]
[White "seabuck"]
[Black "yeetpizza74"]
[Result "1-0"]
[WhiteElo "1830"]
[BlackElo "447"]
[TimeControl "300"]
[EndTime "9:21:23 PDT"]
[Termination "seabuck won by checkmate"]

1. d4 e5 2. dxe5 Nc6 3. Nf3 Qe7 4. g3 Nxe5 5. Bg2 Nxf3+ 6. Bxf3 d6 7. O-O c6 8. c4 Bf5 9. e4 Bxe4 10. Bxe4 Qxe4 11. Re1 Qxe1+ 12. Qxe1+ Be7 13. Nc3 Nf6 14. Bg5 O-O 15. Qxe7 Rae8 16. Qxd6 Ne4 17. Nxe4 Rxe4 18. Be3 Rxc4 19.
Bxa7 Re4 20. Be3 Ree8 21. Rd1 h6 22. Rd4 Kh7 23. Rh4 Rd8 24. Qe5 f6 25. Qf5+ g6 26. Rxh6+ Kg7 27. Qxg6# 1-0